 Dungeon Crawl Stone Soup version 0.29.0-13-gc9e81de378 (webtiles) character file.

Game seed: 16003743294905004135

179 sanka the Cudgeller (level 5, -4/32 HPs)
             Began as a Gargoyle Monk on Sept 9, 2022.
             Slain by Grinder (9 damage)
             ... on level 3 of the Dungeon.
             The game lasted 00:03:52 (2889 turns).

sanka the Cudgeller (Gargoyle Monk)                 Turns: 2889, Time: 00:03:53

Health: -4/32      AC:  6    Str: 23    XL:     5   Next: 59%
Magic:  5/5        EV: 13    Int: 10    God:
Gold:   190        SH:  0    Dex: 18    Spells: 4/4 levels left

rFire   + . .      SeeInvis .   a - +3 morningstar (vamp)
rCold   + . .      Faith    .   (no shield)
rNeg    + . .      Spirit   .   b - +0 robe
rPois   ∞          Reflect  .   (no helmet)
rElec   +          Harm     .   j - scarf {rC+ rF+}
rCorr   .          Rampage  .   (no gloves)
Will    .....                   (no boots)
Stlth   ++........              (no amulet)
HPRegen 0.10/turn               n - +6 ring of dexterity
MPRegen 0.09/turn               d - +6 ring of strength

@: no status effects
A: sickness immunity, AC +4, negative energy resistance 1, electricity
resistance, torment resistance 1, petrification resistance
a: no special abilities


You were on level 3 of the Dungeon.
You visited 1 branch of the dungeon, and saw 3 of its levels.

You collected 710 gold pieces.
You spent 520 gold pieces at shops.


Innate Abilities, Weirdness & Mutations

You are immune to sickness and miasma.
Your stone body is resilient. (AC +4)
You are immune to poison.
You resist negative energy. (rN+)
You are resistant to electric shocks. (rElec)
You are resistant to unholy torment.
You are immune to petrification.


   Skills:
 - Level 3.2 Fighting
 + Level 6.1 Maces & Flails
 - Level 2.4 Dodging
 - Level 2.1 Stealth


You had 4 spell levels left.
You didn't know any spells.
Your spell library contained the following spells:

 Spells                   Type           Power      Damage    Failure   Level
 Freezing Cloud           Conj/Ice/Air   0%         6-21      100%        5
 Simulacrum               Ice/Necr       0%         N/A       100%        6
 Polar Vortex             Ice            0%         N/A       100%        9

Inventory:

Hand Weapons
 a - a +3 vampiric morningstar (weapon)
 u - a +0 flail
Missiles
 q - a throwing net {=f}
Armour
 b - a +0 robe (worn)
 j - a scarf of resistance (worn)
Magical Staves
 h - a staff of cold
Jewellery
 d - a +6 ring of strength (right hand)
 n - a +6 ring of dexterity (left hand)
Scrolls
 e - a scroll of immolation {unknown}
 f - 2 scrolls of brand weapon
 g - a scroll of teleportation {unknown}
 i - a scroll of amnesia {unknown}
 l - a scroll of fear
 m - a scroll of summoning
 p - a scroll of silence {!r}
 r - a scroll of identify {@r1}
Potions
 c - a potion of ambrosia
 k - a potion of cancellation {unknown}
 o - 2 potions of haste {unknown}
 s - a potion of curing {unknown}
 t - a potion of magic {unknown}

Dungeon Overview and Level Annotations

Branches:
Dungeon (3/15)

Altars:
Qazlal

Shops:
D:3 (*

Annotations:
D:3 Grinder

▒▒▒▒▒▒▒▒▒ ▒.......▒
▒.......▒▒▒▒▒▒▒▒▒▒▒
▒.................▒▒
▒.....(.....)▒▒.....
▒........▒▒▒)▒ ...
▒........▒▒▒.▒ ....
▒▒▒.▒▒∩▒▒9.▒.▒▒.....
▒.....▒5.▒).......
▒▒▒▒..▒..▒.▒▒▒▒.▒▒
▒..▒..▒.▒▒▒▒.▒▒▒▒
▒..▒.........£!..
▒..▒..▒.▒▒▒▒▒▒▒▒▒
▒..▒....▒▒▒▒
▒..▒.▒.....▒▒
▒....▒▒..▒▒


You could see Grinder.


Message History

You hit Grinder.
Grinder is lightly wounded.
Grinder gestures at you. Pain shoots through your body!
* * * LOW HITPOINT WARNING * * *
You sock Grinder!
Grinder is severely wounded.
Grinder misses you.
You barely miss Grinder.
Grinder is severely wounded.
Grinder hits you!
* * * LOW HITPOINT WARNING * * *
You writhe in agony.
* * * LOW HITPOINT WARNING * * *
You closely miss Grinder.
Grinder is severely wounded.
Grinder gestures at you. You resist with significant effort.
You barely miss Grinder.
Grinder is severely wounded.
Grinder says, "Mostly I couldn't keep them alive."
Grinder hits you.
* * * LOW HITPOINT WARNING * * *
Grinder gestures at you. Pain shoots through your body!
* * * LOW HITPOINT WARNING * * *
You puncture Grinder!
Grinder is almost dead.
Grinder hits you!
You die...

Action                   |  1- 3 |  4- 6 || total
-------------------------+-------+-------++-------
Melee: Mace              |    92 |    31 ||   123
       Punch             |     1 |     1 ||     2
       Flail             |       |    43 ||    43
       Morningstar       |       |     7 ||     7
  Use: Scroll            |       |     4 ||     4
 Stab: Sleeping          |     5 |     2 ||     7
Armor: Robe              |    42 |    19 ||    61
Dodge: Dodged            |    82 |    38 ||   120

Levels and vault maps discovered:
D:1:      spicycebolla_green_bress_n_ham, layout_loops_ring,
          hellmonk_ecumenical_altar_defaced_shrine, serial_park_tiny_pond
D:2:      minmay_angry_zag, layout_basic, serial_forest,
          infiniplex_forest_straight_5, infiniplex_forest_straight_2,
          infiniplex_forest_corner_1, infiniplex_forest_end_3,
          infiniplex_forest_clump_curved
D:3:      layout_basic, grunt_qazlal_clouds, serial_shops, shop, shop,
          nicolae_shop_statue_plus, nicolae_shop_waterfront, uniq_grinder

Notes
Turn   | Place    | Note
-------+----------+-------------------------------------------
     0 | D:1      | sanka the Gargoyle Monk began the quest for the Orb.
     0 | D:1      | Reached XP level 1. HP: 14/14 MP: 1/1
   362 | D:1      | Reached XP level 2. HP: 19/19 MP: 2/2
   597 | D:1      | Reached skill level 4 in Maces & Flails
   599 | D:1      | Identified a scarf of resistance
   654 | D:1      | Reached XP level 3. HP: 20/23 MP: 3/3
  1254 | D:1      | Found a faded altar of an unknown god.
  1451 | D:2      | Reached XP level 4. HP: 26/28 MP: 4/4
  2178 | D:3      | Found Qiliyg's General Store.
  2226 | D:3      | Bought a scroll of identify for 22 gold pieces
  2227 | D:3      | Identified a scroll of acquirement
  2240 | D:3      | Found a stormy altar of Qazlal.
  2257 | D:3      | Acquired 572 gold pieces
  2268 | D:3      | Bought a scroll of summoning for 104 gold pieces
  2268 | D:3      | Bought a scroll of silence for 104 gold pieces
  2312 | D:3      | Reached skill level 5 in Maces & Flails
  2564 | D:3      | Noticed a bullfrog
  2585 | D:3      | Killed a bullfrog
  2586 | D:3      | Reached skill level 6 in Maces & Flails
  2586 | D:3      | Reached XP level 5. HP: 11/32 MP: 5/5
  2842 | D:3      | Found Liumoiwe's Weapon Shop.
  2854 | D:3      | Bought a +3 vampiric morningstar for 290 gold pieces
  2873 | D:3      | Noticed Grinder
  2889 | D:3      | Slain by Grinder

Vanquished Creatures
  A bullfrog (D:3)
  A howler monkey (D:3)
  An adder (D:2)
  A worm (D:3)
  2 dart slugs (D:1)
  7 endoplasms
  6 goblins
  3 hobgoblins (D:2)
  12 jackals
  2 kobolds (D:3)
  4 quokkas
  5 ball pythons
  6 bats
  2 frilled lizards
  3 rats
56 creatures vanquished.

Vanquished Creatures (others)
  A plant (D:2)
1 creature vanquished.

Grand Total: 57 creatures vanquished
